 Dungeon Crawl Stone Soup version 0.26.1-2-gb8aa6d0cf2 (webtiles) character file.

Game seed: 3958701092425362746

25150 hawla the Thaumaturge (level 12, -3/66 HPs)
             Began as a Deep Elf Conjurer on Feb 23, 2021.
             Was a High Priest of Vehumet.
             Slain by a vampire knight
             ... wielding a +2 bardiche of protection
              (24 damage)
             ... on level 13 of the Dungeon.
             The game lasted 00:55:27 (19085 turns).

hawla the Thaumaturge (Deep Elf Conjurer)          Turns: 19085, Time: 00:55:28

Health: -3/66      AC: 12    Str:  6    XL:     12   Next: 87%
Magic:  10/28      EV: 17    Int: 32    God:    Vehumet [*****.]
Gold:   542        SH:  5    Dex: 13    Spells: 20/38 levels left

rFire    . . .     SeeInvis .   q - +7 Singing Sword {vorpal, sonic wave}
rCold    . . .     Faith    .   g - +0 buckler
rNeg     . . .     Spirit   .   x - +2 robe {Will+}
rPois    .         Reflect  .   s - +2 helmet {Int+3}
rElec    .         Harm     .   D - scarf {+Inv}
rCorr    +         Rampage  .   o - +0 pair of gloves
Will     ++...                  (no boots)
Stlth    +++.......             E - amulet of regeneration
HPRegen  0.61/turn              A - +4 ring of protection
MPRegen  0.21/turn              f - ring of resist corrosion

@: slightly contaminated
A: low mp 1, mutation resistance 1, strong 1
a: Renounce Religion, Evoke Invisibility


You were on level 13 of the Dungeon.
You worshipped Vehumet.
Vehumet was extremely pleased with you.
You visited 2 branches of the dungeon, and saw 15 of its levels.

You collected 740 gold pieces.
You spent 198 gold pieces at shops.

Inventory:

Hand Weapons
 q - the +7 Singing Sword (weapon) {vorpal, sonic wave}
   (You found it on level 4 of the Dungeon)

   It inflicts extra damage upon your enemies.
 G - a +1 dagger of distortion
Missiles
 a - 5 curare-tipped darts
 b - 9 silver boomerangs (quivered)
 F - 5 boomerangs
 J - 27 poisoned darts
Armour
 g - a +0 buckler (worn)
 o - a +0 pair of gloves (worn)
 s - a +2 helmet of intelligence (worn)
 x - a +2 robe of willpower (worn)
 D - a scarf of invisibility (worn)
Magical Staves
 l - an uncursed staff of earth
 n - an uncursed staff of air
 v - an uncursed staff of fire
Jewellery
 e - an uncursed ring of protection from fire
 f - a ring of resist corrosion (right hand)
 p - an uncursed ring of flight
 A - a +4 ring of protection (left hand)
 E - an amulet of regeneration (around neck)
Wands
 c - a wand of iceblast (11)
 m - a wand of flame (17)
 y - a wand of digging (5)
 B - a wand of random effects (24)
 C - a wand of polymorph (8)
Scrolls
 d - 3 scrolls of enchant weapon
 h - 2 scrolls of amnesia
 u - 5 scrolls of remove curse
 w - a scroll of teleportation
 H - 2 scrolls of fog
 I - 2 scrolls of identify
 K - 3 scrolls of enchant armour
Potions
 i - 9 potions of curing
 j - 2 potions of haste
 k - a potion of brilliance
 r - a potion of might
 z - 4 potions of flight


   Skills:
 - Level 4.0 Fighting
 + Level 9.6 Long Blades
 - Level 7.0 Staves
 - Level 2.0 Throwing
 + Level 9.2 Dodging
 - Level 5.0 Stealth
 - Level 4.0 Shields
 + Level 13.7 Spellcasting
 - Level 8.0 Conjurations
 - Level 5.0 Translocations
 + Level 2.0 Transmutations
 - Level 4.0 Fire Magic
 - Level 2.0 Earth Magic
 - Level 1.0 Poison Magic
 - Level 3.0 Evocations


You had 20 spell levels left.
You knew the following spells:

 Your Spells              Type           Power        Failure   Level
a - Magic Dart            Conj           100%         1%          1
b - Searing Ray           Conj           100%         1%          2
c - Iskenderun's Mystic   Conj/Tloc      59%          1%          4
d - Ignite Poison         Fire/Tmut/Pois 36%          1%          3
e - Conjure Flame         Conj/Fire      57%          1%          3
f - Irradiate             Conj/Tmut      26%          2%          5

Your spell library contained the following spells:

 Spells                   Type           Power        Failure   Level
 Orb of Destruction       Conj           32%          17%         7
 Animate Skeleton         Necr           44%          1%          1
 Apportation              Tloc           100%         1%          1
 Corona                   Hex            24%          1%          1
 Summon Small Mammal      Summ           88%          1%          1
 Dazzling Flash           Conj/Hex       94%          1%          3
 Fulminant Prism          Conj/Hex       23%          1%          4
 Petrify                  Tmut/Erth      34%          9%          4
 Yara's Violent Unravell  Hex/Tmut       14%          11%         5
 Eringya's Noxious Bog    Tmut/Pois      15%          38%         6


Dungeon Overview and Level Annotations

Branches:
Dungeon (14/15)            Temple (1/1) D:6            Lair (0/6) D:9
    Orc (0/2) D:10
 Vaults: D:13-14

Altars:
Ashenzari
Cheibriados
Dithmenos
Elyvilon
Fedhas
Gozag
Hepliaklqana
Kikubaaqudgha
Makhleb
Nemelex Xobeh
Okawaru
Qazlal
Ru
Sif Muna
Trog
Uskayaw
Vehumet
Wu Jian
Xom
Yredelemnul
Zin
The Shining One

Shops:
D:5 !   D:7 *   D:9 *

Annotations:
D:3 3 runed translucent doors, slughead422's ghost, amateur FoFi
D:6 2 transporters, Alvadar's ghost, novice DECj


Innate Abilities, Weirdness & Mutations

Your magical capacity is low. (-10% MP)
You are somewhat resistant to further mutation.
Your muscles are strong. (Str +2)


Message History

You erupt in a fountain of uncontrolled magic!
The vampire knight is blasted with magical radiation!!
The vampire knight is heavily damaged.
You are very lightly contaminated with residual magic.
Unknown command.
Casting: Irradiate (dangerous; 2% risk of failure)
Confirm with . or Enter, or press ? or * to list all spells.
You erupt in a fountain of uncontrolled magic!
The vampire knight is blasted with magical radiation!
The vampire knight is severely damaged.
The vampire knight is infused with unholy energy.
The vampire knight draws life force from you and is healed!
Casting: Irradiate (dangerous; 2% risk of failure)
Confirm with . or Enter, or press ? or * to list all spells.
You erupt in a fountain of uncontrolled magic!
The vampire knight is blasted with magical radiation!!
The vampire knight is almost destroyed.
You are lightly contaminated with residual magic.
The vampire knight hits you with a +2 bardiche of protection!!
You die...

.# #♣.♣.♣# ## H# #.♣.♣.# .#
#♣.♣.♣# O# #.♣.♣.# .# ♣♣♣ ##♣'♣##
†# ♣...#..>.(#♣♣.♣ .#
♣...'..8).)((.. .# #.(<$.# ## .#
##♣@♣## #. .# #..V..# #. .#
#).♣♣.# #. .# #.♣ ♣.# #. .#
#.♣♣♣.# #. .# #.....# ##
.######## #####♣.♣##### #######.
........#♣♣....♣.♣....♣♣##.......
#######.#♣....♣.♣.♣....♣#........


You could see a vampire knight.

Vanquished Creatures
  An ogre mage (D:13)
  A hydra (D:12)
  3 boulder beetles
  2 centaur warriors (D:13)
  A two-headed ogre (D:12)
  Sonja (D:10)
  3 unseen horrors (D:13)
  A deep elf mage (D:13)
  An oklob plant (D:10)
  3 ugly things
  A cyclops (D:13)
  A manticore (D:11)
  Maurice (D:9)
  2 gargoyles
  Maggie (D:8)
  4 trolls
  A hornet (D:8)
  Grinder (D:5)
  A queen bee (shapeshifter) (D:11)
  4 slime creatures (D:13)
  2 wraiths
  A vampire (D:13)
  2 shadows
  3 wyverns
  11 yaks
  A soldier ant (D:10)
  Edmund (D:5)
  A water moccasin (D:7)
  A sky beast (D:10)
  A hornet zombie (D:13)
  2 orc warriors
  2 ice beasts
  2 black bears
  2 phantoms
  A boggart (D:13)
  6 ogres
  3 wolves (D:9)
  3 eyes of draining (D:13)
  15 centaurs
  4 big kobolds
  10 bullfrogs
  4 scorpions
  2 wyvern skeletons
  19 killer bees
  9 wights
  An electric eel (D:9)
  A bullfrog zombie (D:7)
  16 hounds
  2 bullfrog skeletons
  6 jellies
  6 orc priests
  3 orc wizards
  5 centaur skeletons
  An iguana (D:4)
  17 worker ants
  A worker ant zombie (D:8)
  3 gnolls (D:5)
  17 adders
  3 shadow imps (D:9)
  4 white imps
  3 ufetubi
  An ooze (D:1)
  2 adder skeletons
  A worm (D:2)
  2 dart slugs
  10 leopard geckos
  28 orcs
  15 bats
  8 giant cockroaches
  2 gnoll zombies (D:3)
  2 hobgoblins (D:2)
  4 jackals (D:7)
  5 quokkas
  A ball python (D:2)
  4 frilled lizards
  6 goblins
  31 kobolds
  A leopard gecko skeleton (D:4)
  6 rats
360 creatures vanquished.

Vanquished Creatures (others)
  15 fungi (D:4)
  25 plants
  3 withered plants (D:6)
43 creatures vanquished.

Grand Total: 403 creatures vanquished

Notes
Turn   | Place    | Note
-------+----------+-------------------------------------------
     0 | D:1      | hawla the Deep Elf Conjurer began the quest for the Orb.
     0 | D:1      | Reached XP level 1. HP: 10/10 MP: 6/6
   236 | D:1      | Reached XP level 2. HP: 15/15 MP: 1/8
   476 | D:1      | Learned a level 2 spell: Searing Ray
   692 | D:1      | You fall into a shaft and drop 1 floor!
   848 | D:2      | Reached skill level 1 in Translocations
   848 | D:2      | Reached XP level 3. HP: 20/20 MP: 0/9
  1246 | D:2      | Reached skill level 1 in Evocations
  1949 | D:2      | Reached skill level 1 in Fighting
  2146 | D:3      | Reached XP level 4. HP: 24/25 MP: 5/11
  2158 | D:3      | Learned a level 4 spell: Iskenderun's Mystic Blast
  2378 | D:3      | Found a basalt altar of Yredelemnul.
  2421 | D:3      | Found a runed translucent gate.
  2421 | D:3      | Found a runed translucent gate.
  2425 | D:3      | Found a runed translucent gate.
  2427 | D:3      | Noticed slughead422's ghost (amateur FoFi)
  2634 | D:3      | Noticed an ogre
  2645 | D:3      | Killed an ogre
  2646 | D:3      | Reached skill level 4 in Spellcasting
  2646 | D:3      | Reached skill level 5 in Conjurations
  2646 | D:3      | Reached skill level 1 in Earth Magic
  2646 | D:3      | Reached XP level 5. HP: 29/29 MP: 1/13
  3279 | D:3      | Found a shimmering blue altar of Sif Muna.
  3711 | D:4      | Gained mutation: Your magical capacity is low. (-10% MP)
                  | [potion of mutation]
  3711 | D:4      | Gained mutation: Your muscles are strong. (Str +2) [potion
                  | of mutation]
  3711 | D:4      | Gained mutation: You are somewhat resistant to further
                  | mutation. [potion of mutation]
  3751 | D:4      | Noticed an ogre
  3754 | D:4      | Killed an ogre
  3755 | D:4      | Reached skill level 5 in Spellcasting
  3755 | D:4      | Reached XP level 6. HP: 34/34 MP: 8/14
  4125 | D:3      | Reached skill level 6 in Spellcasting
  4646 | D:4      | Reached XP level 7. HP: 32/38 MP: 10/16
  4972 | D:4      | Found the +7 Singing Sword {vorpal, sonic wave}
  5050 | D:4      | Reached skill level 1 in Throwing
  5331 | D:5      | Entered Level 5 of the Dungeon
  5344 | D:5      | Reached skill level 1 in Staves
  5396 | D:5      | Noticed Grinder
  5405 | D:5      | Killed Grinder
  5406 | D:5      | Reached skill level 1 in Long Blades
  5599 | D:5      | Found a burning altar of Makhleb.
  5818 | D:5      | Noticed Edmund
  5828 | D:5      | Killed Edmund
  6051 | D:5      | Found Poliq's Distillery.
  6060 | D:5      | Reached XP level 8. HP: 39/44 MP: 5/18
  6557 | D:6      | Reached skill level 7 in Spellcasting
  6739 | D:6      | Reached skill level 5 in Dodging
  6936 | D:6      | Found a staircase to the Ecumenical Temple.
  6942 | Temple   | Entered the Ecumenical Temple
  7047 | Temple   | Became a worshipper of Vehumet
  7121 | D:6      | Found a shadowy altar of Dithmenos.
  7311 | D:6      | Found a transporter.
  7395 | D:6      | Found an ancient bone altar of Kikubaaqudgha.
  7642 | D:6      | Noticed Alvadar's ghost (novice DECj)
  7704 | D:6      | Found a transporter.
  8012 | D:6      | Found an iron altar of Okawaru.
  8425 | D:7      | Reached skill level 1 in Shields
  8425 | D:7      | Reached skill level 8 in Spellcasting
  8447 | D:7      | Found Cerhiun's General Store.
  8453 | D:7      | Bought a +1 helmet of intelligence for 198 gold pieces
  8998 | D:7      | Found a burning altar of Makhleb.
  9002 | D:7      | Reached skill level 9 in Spellcasting
  9002 | D:7      | Reached XP level 9. HP: 48/48 MP: 16/21
  9171 | D:7      | Reached * piety under Vehumet
  9171 | D:7      | Offered knowledge of Sandblast by Vehumet.
  9501 | D:7      | Found a stormy altar of Qazlal.
 10188 | D:8      | Found a stormy altar of Qazlal.
 11184 | D:8      | Noticed Maggie
 11191 | D:8      | Killed Maggie
 11192 | D:8      | Reached skill level 1 in Fire Magic
 11460 | D:9      | Found a snail-covered altar of Cheibriados.
 11580 | D:9      | Reached skill level 10 in Spellcasting
 11580 | D:9      | Reached XP level 10. HP: 56/56 MP: 16/23
 11668 | D:9      | Found Qium's Demolitions Depot.
 11733 | D:9      | Offered knowledge of Freeze by Vehumet.
 11907 | D:9      | Reached ** piety under Vehumet
 12022 | D:9      | Reached skill level 5 in Staves
 12294 | D:9      | Found a staircase to the Lair.
 12324 | D:9      | Reached skill level 5 in Long Blades
 12777 | D:9      | Offered knowledge of Ignite Poison by Vehumet.
 12783 | D:9      | Learned a level 3 spell: Ignite Poison
 13236 | D:9      | Noticed Maurice
 13256 | D:9      | Killed Maurice
 13257 | D:9      | Reached skill level 11 in Spellcasting
 13257 | D:9      | Reached skill level 1 in Transmutations
 13257 | D:9      | Reached skill level 1 in Poison Magic
 13657 | D:9      | Reached *** piety under Vehumet
 13658 | D:9      | Reached skill level 12 in Spellcasting
 13958 | D:10     | Entered Level 10 of the Dungeon
 14057 | D:10     | Found a staircase to the Orcish Mines.
 14237 | D:10     | Found a blossoming altar of Fedhas.
 14258 | D:10     | Noticed an oklob plant
 14286 | D:10     | Killed an oklob plant
 14657 | D:10     | Reached XP level 11. HP: 60/60 MP: 22/26
 14858 | D:10     | Noticed Sonja
 14866 | D:10     | Killed Sonja
 15250 | D:11     | Offered knowledge of Static Discharge by Vehumet.
 15319 | D:11     | Noticed a purple ugly thing
 15325 | D:11     | Killed a purple ugly thing
 15340 | D:11     | Reached skill level 5 in Stealth
 15402 | D:11     | Noticed a boulder beetle
 15411 | D:11     | Killed a boulder beetle
 15544 | D:11     | Reached skill level 5 in Translocations
 15591 | D:11     | Reached **** piety under Vehumet
 15622 | D:11     | Offered knowledge of Conjure Flame by Vehumet.
 15775 | D:11     | Learned a level 3 spell: Conjure Flame
 15836 | D:12     | Noticed a six-headed hydra
 15844 | D:12     | Killed a six-headed hydra
 16167 | D:12     | Noticed a brown ugly thing
 16177 | D:12     | Killed a brown ugly thing
 16242 | D:12     | Noticed a two-headed ogre
 16248 | D:12     | Killed a two-headed ogre
 16249 | D:12     | Reached skill level 13 in Spellcasting
 17178 | D:13     | Noticed a boulder beetle
 17185 | D:13     | Killed a boulder beetle
 17186 | D:13     | Reached XP level 12. HP: 66/66 MP: 14/28
 17347 | D:13     | Noticed a centaur warrior
 17380 | D:13     | Killed a centaur warrior
 17611 | D:13     | Noticed a boulder beetle
 17617 | D:13     | Killed a boulder beetle
 17636 | D:13     | Reached ***** piety under Vehumet
 17643 | D:13     | Offered knowledge of Orb of Destruction by Vehumet.
 17903 | D:13     | Noticed an ogre mage
 17904 | D:13     | Noticed a two-headed ogre
 17905 | D:13     | Noticed a two-headed ogre
 17906 | D:13     | Paralysed by an ogre mage for 2 turns
 17946 | D:13     | Identified the Volume of Virous Transmutation
 18334 | D:13     | Noticed an ogre mage
 18339 | D:13     | Noticed a centaur warrior
 18339 | D:13     | Killed an ogre mage
 18346 | D:13     | Noticed a vampire knight
 18481 | D:13     | Killed a centaur warrior
 18669 | D:13     | Paralysed by a vampire knight for 2 turns
 19079 | D:12     | Learned a level 5 spell: Irradiate
 19085 | D:13     | Slain by a vampire knight

Illustrated notes

Levels and vault maps discovered:
D:1:      lemuel_arrival_tunnels, layout_rooms
D:2:      layout_rooms, minmay_misc_feat_x, dk_noncrumbling_3
D:3:      minmay_diamond_boxcup, layout_basic, led_sif_pool,
          lemuel_zombie_altar_yredelemnul, gammafunk_ghost_necromancy
D:4:      old_forge, layout_cave_pools, grunt_ministairs_5
D:5:      layout_gridville, general_overflow_altar, serial_shops,
          nicolae_shop_competitors_out_of_business, grunt_decor_fettered,
          uniq_grinder, uniq_edmund
D:6:      layout_layer_cave, kiku_gazebo_garden_becter,
          nicolae_dithmenos_the_darkroom, lemuel_round_altar,
          minmay_temple_entry_nine_rooms, gammafunk_ghost_stat_death
D:7:      layout_basic, kennysheep_little_box, serial_shops, shop,
          bloody_makhleb
D:8:      layout_layer_cave, nicolae_qazlal_general_emergency, uniq_maggie
D:9:      layout_loops_corners, cheibriados_altar_1, erik_lair_island,
          nicolae_blasting_shop, uniq_maurice
D:10:     layout_long_grid, orc_0_dummy, tgw_fedhas, uniq_sonja
D:11:     layout_roguey
D:12:     layout_stronghold
D:13:     nzn_winding_woodlands_stair_cross [nzn_winding_woodlands_5x15_parted,
          nzn_winding_woodlands_center_garden,
          nzn_winding_woodlands_5x15_split_checker,
          nzn_winding_woodlands_5x5_perimeter,
          nzn_winding_woodlands_5x5_checkerboard,
          nzn_winding_woodlands_5x15_crooked,
          nzn_winding_woodlands_center_lodge,
          nzn_winding_woodlands_5x15_pathside_ponds], layout_basic,
          gauntlet_entry_generic
D:14:     layout_stronghold, hangedman_vaults_entry_quadrant_bands,
          serial_column_ruins, column_ruins_open_medium_water,
          column_ruins_corridor_corner, column_ruins_grid_1,
          column_ruins_open_small_water, column_ruins_open_medium,
          column_ruins_columns_T, column_ruins_corridor_straight,
          minmay_misc_feat_cross, serial_shops, nicolae_shop_waterfront,
          serial_park_tiny_2, st_stairs_6, chequers_garden,
          minmay_beelzebubs_servants
Temple:   nicolae_temple_great_sept

Skill      XL: |  1  2  3  4  5  6  7  8  9 10 11 12 |
---------------+-------------------------------------+-----
Translocations | 1 2 3 4 5 |  5.0
Stealth        | 3 4 5 |  5.0
Evocations     | 1 2 3 |  3.0
Dodging        | 3 4 5 6 8 9 |  9.2
Fighting       | 1 2 3 4 |  4.0
Spellcasting   | 4 5 6 9 10 12 13 | 13.7
Conjurations   | 5 6 7 8 |  8.0
Earth Magic    | 1 2 |  2.0
Throwing       | 1 2 |  2.0
Staves         | 2 3 4 6 7 |  7.0
Long Blades    | 1 3 4 6 7 9 |  9.6
Shields        | 3 4 |  4.0
Fire Magic     | 1 4 |  4.0
Transmutations | 1 2 |  2.0
Poison Magic   | 1 |  1.0

Action                   |  1- 3 |  4- 6 |  7- 9 | 10-12 || total
-------------------------+-------+-------+-------+-------++-------
Melee: Unarmed           |     3 |       |       |       ||     3
       Whip              |    14 |       |       |       ||    14
       Staff             |       |    17 |    23 |     4 ||    44
       Double sword      |       |       |     4 |    72 ||    76
Throw: Boomerang         |       |       |     5 |     5 ||    10
       Dart              |       |       |       |    17 ||    17
 Cast: Magic Dart        |    30 |    23 |    20 |    38 ||   111
       Searing Ray       |    19 |    33 |    64 |   103 ||   219
       Iskenderun's Myst |       |     4 |    35 |    96 ||   135
       Ignite Poison     |       |       |       |     4 ||     4
       Irradiate         |       |       |       |     3 ||     3
 Abil: Evoke Invisibilit |       |       |       |     1 ||     1
Evoke: Wand              |       |       |       |     1 ||     1
  Use: Scroll            |       |    12 |    13 |     6 ||    31
       Potion            |       |     2 |     1 |     1 ||     4
 Stab: Sleeping          |       |       |       |     2 ||     2
Armor: Robe              |     7 |    17 |    32 |    45 ||   101
Dodge: Dodged            |    15 |    37 |    56 |   136 ||   244
Block: Buckler           |       |       |     9 |    32 ||    41
       Rpst.: Double sword |       |       |     3 |    23 ||    26
